 Dungeon Crawl Stone Soup version 0.26.1-11-gd32895ea62 (webtiles) character file.

Game seed: 16250563410683722292

142 phalm the Conjurer (level 5, 38/38 HPs)
             Began as a Demonspawn Conjurer on June 23, 2021.
             Quit the game on level 3 of the Dungeon.
             The game lasted 00:04:59 (3234 turns).

phalm the Conjurer (Demonspawn Conjurer)            Turns: 3234, Time: 00:04:59

Health: 38/38      AC:  2    Str:  8    XL:     5   Next: 3%
Magic:  4/9        EV: 12    Int: 20    God:
Gold:   181        SH:  0    Dex: 11    Spells: 2/9 levels left

rFire    + . .     SeeInvis .   m - +0 whip (venom)
rCold    + . .     Faith    .   (no shield)
rNeg     . . .     Spirit   +   r - +0 robe {rC+ rF+}
rPois    .         Reflect  .   (no helmet)
rElec    .         Harm     .   (no cloak)
rCorr    .         Rampage  .   (no gloves)
Will     .....                  (no boots)
Stlth    ++........             (no amulet)
HPRegen  0.12/turn              (no ring)
MPRegen  0.11/turn              (no ring)

@: no status effects
A: talons 1, magic shield
a: no special abilities


You were on level 3 of the Dungeon.
You visited 1 branch of the dungeon, and saw 3 of its levels.

You collected 181 gold pieces.


Innate Abilities, Weirdness & Mutations

You have sharp toenails.
When hurt, damage is shared between your health and your magic reserves.


   Skills:
 + Level 2.0 Fighting
 - Level 1.7 Dodging
 - Level 1.7 Stealth
 + Level 2.8 Spellcasting
 + Level 5.1 Conjurations
 * Level 1.2 Translocations


You had 2 spell levels left.
You knew the following spells:

 Your Spells              Type           Power        Failure   Level
m - Magic Dart            Conj           92%          1%          1
s - Searing Ray           Conj           46%          2%          2
X - Iskenderun's Mystic   Conj/Tloc      15%          36%         4

Your spell library contained the following spells:

 Spells                   Type           Power        Failure   Level
 Dazzling Flash           Conj/Hex       26%          16%         3
 Fulminant Prism          Conj/Hex       6%           45%         4

Inventory:

Hand Weapons
 b - a +0 dagger
   (You took it off a kobold on level 1 of the Dungeon)
 m - a +0 whip of venom (weapon)
   (You found it on level 2 of the Dungeon)
Missiles
 e - 16 arrows
 h - 7 boomerangs (quivered)
Armour
 a - a +2 tower shield
   (You found it on level 3 of the Dungeon)
 r - a +0 robe of resistance (worn)
   (You took it off Jessica on level 3 of the Dungeon)
 s - a +0 buckler of reflection
   (You took it off a kobold on level 1 of the Dungeon)
Jewellery
 T - an uncursed amulet of faith {!P}
   (You took it off a kobold on level 1 of the Dungeon)
Scrolls
 d - 2 scrolls of remove curse {unknown}
 i - a scroll of noise {unknown}
 k - 2 scrolls of blinking {unknown}
 l - 2 scrolls of teleportation {unknown}
 n - a scroll of fear {unknown}
 o - a scroll of enchant weapon {unknown}
 p - 2 scrolls of identify {unknown}
 q - a scroll of amnesia {unknown}
Potions
 c - a potion of curing {@q1}
 f - a potion of ambrosia {unknown}
 g - a potion of heal wounds {unknown}
 j - a potion of resistance {unknown}

Dungeon Overview and Level Annotations

Branches:
Dungeon (3/15)

Altars:
Okawaru

#.. ....
#######....
#.....?...
#.....>.##.
#..........
#.......##.
#..@..†....
#......####
#<.....#
#......#
########


There were no monsters in sight!


Message History

You feel resistant to extremes of temperature. 😎 MP[+1]
You drop a +0 robe.
A kobold comes into view. 😎 MP[+3]
Your mp is fully restored (8).
Casting: Searing Ray (safe; 2% risk of failure)
Confirm with . or Enter, or press ? or * to list all spells.
Aiming: Magic Dart (safe; 1% risk of failure)
Press: ? - help, Shift-Dir - straight line, f - kobold
Aim: a kobold (asleep, 0% to evade)
The magic dart hits the kobold. 😎 MP[-1]
You lost 1 mp, and now have 7/8 mp.
Casting: Magic Dart (safe; 1% risk of failure)
Confirm with . or Enter, or press ? or * to list all spells.
Aiming: Magic Dart (safe; 1% risk of failure)
Press: ? - help, Shift-Dir - straight line, f/p - kobold
Aim: a kobold (severely wounded, 0% to evade)
The magic dart hits the kobold.
You kill the kobold! 😎 MP[-1]
You lost 1 mp, and now have 6/8 mp.
Found a shiny tower shield. 😎 MP[+2]
Your mp is fully restored (8).
You now have 181 gold pieces (gained 7).
You see here a shiny tower shield.
a - a shiny tower shield
Okay, then.
Search for what [? for help]? buck
Things that are here:
a +0 robe; a +0 club; the human corpse of Jessica
There is a stone staircase leading up here.
You climb upwards.
There is a stone staircase leading down here.
There is a stone staircase leading up here.
You climb upwards.
There is a stone staircase leading down here.
Things that are here:
a +0 buckler of reflection; 5 stones; a +0 dagger
s - a +0 buckler of reflection Search for what [Enter for "buck", or ? for help]? kite Can't find anything matching that.
Done exploring.
(D) Dungeon
Where to? (Enter - D:1 @ (x,y), ? - help)
There is a stone staircase leading down here.
You climb downwards.
There is a stone staircase leading up here.
Done exploring.
(D) Dungeon
Where to? (Enter - D:2, ? - help)
Things that are here:
a stone; a +0 dagger You see here a stone.
There is a stone staircase leading down here.
You climb downwards.
Found a scroll labelled OSAOHO FATY.
Found a stone staircase leading down.
There is a stone staircase leading up here.
An adder comes into view.
Casting: Magic Dart (safe; 1% risk of failure)
Confirm with . or Enter, or press ? or * to list all spells.
Aiming: Magic Dart (safe; 1% risk of failure)
Press: ? - help, Shift-Dir - straight line, f - adder
Aim: an adder (asleep, 0% to evade)
The magic dart hits the adder.
The adder hisses angrily. 😎 MP[-1]
You lost 1 mp, and now have 7/8 mp.
Casting: Magic Dart (safe; 1% risk of failure)
Confirm with . or Enter, or press ? or * to list all spells.
Aiming: Magic Dart (safe; 1% risk of failure)
Press: ? - help, Shift-Dir - straight line, f/p - adder
Aim: an adder (heavily wounded, 0% to evade)
The magic dart hits the adder but does no damage. 😎 MP[-1]
You lost 1 mp, and now have 6/8 mp.
Casting: Magic Dart (safe; 1% risk of failure)
Confirm with . or Enter, or press ? or * to list all spells.
Aiming: Magic Dart (safe; 1% risk of failure)
Press: ? - help, Shift-Dir - straight line, f/p - adder
Aim: an adder (heavily wounded, 0% to evade)
The magic dart hits the adder. 😎 MP[-1]
You lost 1 mp, and now have 5/8 mp.
Casting: Magic Dart (safe; 1% risk of failure)
Confirm with . or Enter, or press ? or * to list all spells.
Aiming: Magic Dart (safe; 1% risk of failure)
Press: ? - help, Shift-Dir - straight line, f/p - adder
Aim: an adder (almost dead, 0% to evade)
The magic dart hits the adder.
You kill the adder!
You have reached level 5!
You feel monstrous as your demonic heritage exerts itself.
Your demonic ancestry asserts itself...
Your toenails lengthen and sharpen. 😎 HP[+5] MP[-1]
You now have 38 max hp (+5).
Your hp is fully restored (38).
Are you sure you want to abandon this character and quit the game? (Confirm with "yes".)

Skill      XL: |  1  2  3  4 |
---------------+-------------+-----
Fighting       | 1 2 |  2.0
Conjurations   | 5 |  5.1
Translocations | 1 |  1.2
Dodging        | |  1.7
Stealth        | |  1.7
Spellcasting   | |  2.8

Action                   |  1- 3 |  4- 6 || total
-------------------------+-------+-------++-------
Melee: Unarmed           |     5 |       ||     5
       Dagger            |     8 |       ||     8
       Whip              |     2 |     6 ||     8
Throw: Boomerang         |     5 |     2 ||     7
 Cast: Magic Dart        |    72 |    29 ||   101
       Searing Ray       |     4 |     1 ||     5
Armor: Robe              |     4 |       ||     4
Dodge: Dodged            |    33 |     4 ||    37

Levels and vault maps discovered:
D:1:      beargit_arrival_greenhouse, layout_loops_corners
D:2:      layout_loops_ring, okawaru_altar_gauntlet_db, uniq_terence
D:3:      layout_basic, uniq_jessica

Notes
Turn   | Place    | Note
-------+----------+-------------------------------------------
     0 | D:1      | phalm the Demonspawn Conjurer began the quest for the Orb.
     0 | D:1      | Reached XP level 1. HP: 13/13 MP: 3/3
     0 | D:1      | magus.rc [v1.9.10]
   538 | D:1      | Gained mutation: When hurt, damage is shared between your
                  | health and your magic reserves. [demonic ancestry]
   538 | D:1      | Reached XP level 2. HP: 19/20 MP: 3/5
   747 | D:1      | Reached skill level 1 in Fighting
   750 | D:1      | Learned a level 2 spell: Searing Ray
  1111 | D:1      | Reached XP level 3. HP: 26/26 MP: 4/6
  1575 | D:2      | Found an iron altar of Okawaru.
  2126 | D:2      | Reached XP level 4. HP: 32/32 MP: 7/7
  2302 | D:2      | Learned a level 4 spell: Iskenderun's Mystic Blast
  2320 | D:2      | Noticed Terence
  2400 | D:2      | Killed Terence
  2401 | D:2      | Reached skill level 5 in Conjurations
  2970 | D:3      | Noticed Jessica
  2974 | D:3      | Killed Jessica
  2975 | D:3      | Reached skill level 2 in Fighting
  2975 | D:3      | Reached skill level 1 in Translocations
  3234 | D:3      | You feel monstrous as your demonic heritage exerts itself.
  3234 | D:3      | Gained mutation: You have sharp toenails. [demonic
                  | ancestry]
  3234 | D:3      | Reached XP level 5. HP: 38/38 MP: 4/9
  3234 | D:3      | Quit the game

Vanquished Creatures
  Jessica (D:3)
  Terence (D:2)
  A gnoll (D:2)
  An adder (D:3)
  3 worms (D:2)
  3 dart slugs
  A leopard gecko (D:2)
  3 orcs
  3 giant cockroaches
  9 goblins
  4 hobgoblins
  3 jackals (D:1)
  9 kobolds
  5 bats (D:1)
  4 frilled lizards
  3 rats
54 creatures vanquished.

Table legend:
 A = Non-vault XP
 B = Vault XP
 C = Vault XP percentage of total XP
 D = Non-vault monster count
 E = Vault monster count
 F = Vault count percentage of total count
                 A         B        C        D         E       F
            +---------+---------+-------+---------+---------+-------
      Total |     104 |      99 |  48.8 |      46 |       8 |  14.8
            +---------+---------+-------+---------+---------+-------
        D:1 |      43 |       5 |  10.4 |      23 |       2 |   8.0
        D:2 |      45 |      57 |  55.9 |      20 |       5 |  20.0
        D:3 |      16 |      37 |  69.8 |       3 |       1 |  25.0
            +---------+---------+-------+---------+---------+-------

Illustrated notes

Table legend:
 A = Kills in this place as a percentage of kills in entire the game.
 B = Kills by you in this place as a percentage of kills by you in the entire game.
 C = Kills by friends in this place as a percentage of kills by friends in the entire game.
 D = Other kills in this place as a percentage of other kills in the entire game.
 E = Experience gained in this place as a percentage of experience gained in the entire game.
 F = Experience gained in this place divided by the number of levels of this place that you have seen.
                   A       B       C       D       E      F
               +-------+-------+-------+-------+-------+----------------------
         Total | 100.0 | 100.0 |   N/A |   N/A | 100.0 |  67.7
       Dungeon | 100.0 | 100.0 |   N/A |   N/A | 100.0 |  67.7
               +-------+-------+-------+-------+-------+----------------------

Table legend: (Time is in decaauts)
 A = Elapsed time spent in this place.
 B = Non-inter-level travel time spent in this place.
 C = Inter-level travel time spent in this place.
 D = Time resting spent in this place.
 E = Time spent auto-exploring this place.
 F = Levels seen in this place.
 G = Mean time per level.
                   A        B        C        D        E       F      G
               +--------+--------+--------+--------+--------+-----+--------+
         Total |   3241 |   3059 |    182 |      8 |   2640 |   3 | 1080.3 |
       Dungeon |   3241 |   3059 |    182 |      8 |   2640 |   3 | 1080.3 |
               +--------+--------+--------+--------+--------+-----+--------+

Top non-repeatable levels by time:
     D:2: 1521 daAuts
     D:1: 1476 daAuts
     D:3: 244 daAuts
